AoeStats
← mexxer

Arabia

504295683Analyzed
1v1 RM · 27d ago on Sep 4, 2026· 51m 27s· 2 players
Game mode
Random Map
Map size
Tiny (2 player)
Population
200
Speed
Normal
Resources
Standard
Victory
Conquest
Starting age
Dark Age
Ending age
Imperial Age
RankedLock teamsTeams togetherTeam positionsShared explorationLock speedFull tech treeHidden civsTurbo modeCheats
Victory
Defeat
🇩🇪 Byzantines · Germany
923
+30
🇳🇴 Britons · Norway
904
-15
nilsfoldal
7:02 Loom
11:01 Feudal Age
15:12 Wheelbarrow
14:27 Double-Bit Axe
17:38 Horse Collar
19:53 Scale Barding Armor
22:29 Castle Age
23:56 Crossbowman
24:48 Husbandry
25:43 Gold Mining
26:05 Bow Saw
26:23 Fletching
26:34 Padded Archer Armor
26:59 Heavy Plow
26:42 Light Cavalry
30:13 Bodkin Arrow
30:34 Leather Archer Armor
30:40 Chain Barding Armor
33:16 Forging
40:38 Imperial Age
39:07 Iron Casting
41:28 Arbalester
50:10 Bracer
51:54 Plate Barding Armor
52:20 Blast Furnace
mexxer
5:43 Loom
10:53 Feudal Age
11:44 Horse Collar
11:52 Double-Bit Axe
19:08 Wheelbarrow
24:54 Castle Age
23:41 Fletching
23:52 Scale Mail Armor
25:23 Elite Skirmisher
26:36 Bow Saw
26:29 Heavy Plow
27:05 Padded Archer Armor
26:36 Pikeman
31:53 Thumb Ring
31:53 Squires
33:58 Bodkin Arrow
34:18 Chain Mail Armor
34:17 Forging
40:05 Imperial Age
37:29 Arson
39:21 Ballistics
42:23 Chemistry
43:49 Hand Cart
44:08 Crop Rotation
44:41 Two-Man Saw
45:45 Halberdier
47:19 Leather Archer Armor
Connection lost

Rejoining the realm…

Still unreachable

The connection could not be restored.

Session expired

The server has moved on; the page needs a fresh start.